BSA
KALAMAZOO ROYALE WITH CHEESE @ EL DORADO OILERS
05/07/2028
 
TOP OF THE 1ST
Kalamazoo Royale with Cheese batting - Pitching for El Dorado Oilers : RHP Jeffrey Stephens
Pitching: RHP Jeffrey Stephens
Batting: LHB Tom Blake 0-0: Called Strike
0-1: Ball
1-1: Foul Ball, location: 2F
1-2: Fly out, F8 (Flyball, 89D)
Batting: LHB Doyle Otterburn 0-0: Foul Ball, location: 2F
0-1: Ground out 4-3 (Groundball, 34D)
Batting: RHB Andy Aiton 0-0: SOLO HOME RUN (Flyball, 9LD), Distance : 372 ft
Batting: LHB Donovan Bird 0-0: Ball
1-0: Called Strike
1-1: Ball
2-1: Foul Ball, location: 2F
2-2: Ground out 4-3 (Groundball, 34)
Top of the 1st over - 1 run(s), 1 hit(s), 0 error(s), 0 left on base; Kalamazoo 1 - El Dorado 0
BOTTOM OF THE 1ST
El Dorado Oilers batting - Pitching for Kalamazoo Royale with Cheese : LHP Salvador Castro
Pitching: LHP Salvador Castro
Batting: RHB Nick Webb 0-0: Ball
1-0: Called Strike
1-1: Swinging Strike
1-2: SINGLE (Groundball, 34D)
Batting: LHB Ashley Pickhills 0-0: Ball
Nick Webb steals 2nd base
1-0: Called Strike
1-1: Swinging Strike
1-2: Ball
2-2: Ball
3-2: SINGLE (Line Drive, 4D)
Nick Webb to third
Runner from 3rd tries for Home, SAFE, no throw
Batting: RHB Valentín Borges 0-0: Fly out, F8 (Flyball, 8LS)
Batting: LHB Al Gaines 0-0: Swinging Strike
0-1: Foul Ball, location: 2F
0-2: Foul Ball, location: 2F
0-2: Ball
1-2: Foul Ball, location: 2F
1-2: Ball
2-2: Fly out, F9 (Flyball, 9D)
Batting: RHB Sixto Vélez 0-0: Ball
1-0: Called Strike
1-1: Foul Ball, location: 2F
1-2: Fly out, F7 (Line Drive, 7)
Bottom of the 1st over - 1 run(s), 2 hit(s), 0 error(s), 1 left on base; Kalamazoo 1 - El Dorado 1
TOP OF THE 2ND
Kalamazoo Royale with Cheese batting - Pitching for El Dorado Oilers : RHP Jeffrey Stephens
Batting: LHB Roberto Sandoval 0-0: Foul Ball, location: 2F
0-1: Ball
1-1: Ball
2-1: Ball
3-1: DOUBLE (Line Drive, 78D)
Batting: LHB Greg Schultz 0-0: Called Strike
0-1: Foul Ball, location: 2F
0-2: Ground out 4-3 (Groundball, 4)
Roberto Sandoval to third
Batting: LHB Bill McJannett 0-0: Ball
1-0: Fly out, F8 (Flyball, 8RS)
Batting: RHB Rafael González 0-0: Foul Ball, location: 2F
0-1: SINGLE (Line Drive, 4MD)
Roberto Sandoval scores
Batting: SHB Caden Keith 0-0: SINGLE (Line Drive, 8LS)
Rafael González to second
Runner from 2nd tries for 3rd, SAFE, throw made to third
Pinch Runner at 3rd Miguel Encarnación:
Batting: LHB Tom Blake 0-0: Ball
Caden Keith steals 2nd base
1-0: Ball
2-0: Called Strike
2-1: Called Strike
2-2: Ball
3-2: Fly out, F7 (Flyball, 7LS)
Top of the 2nd over - 1 run(s), 3 hit(s), 0 error(s), 2 left on base; Kalamazoo 2 - El Dorado 1
BOTTOM OF THE 2ND
El Dorado Oilers batting - Pitching for Kalamazoo Royale with Cheese : LHP Salvador Castro
Now at SS: Miguel Encarnación
Batting: LHB José Hernández 0-0: Foul Ball, location: 2F
0-1: Swinging Strike
0-2: Ball
1-2: Foul Ball, location: 2F
1-2: Ball
2-2: Ball
3-2: Fly out, F6 (Popup, 6D)
Batting: RHB Chris Parker 0-0: Ball
1-0: Foul Ball, location: 2F
1-1: Foul Ball, location: 2F
1-2: Strikes out swinging
Batting: SHB Anastasio Ortíz 0-0: Swinging Strike
0-1: Called Strike
0-2: Ball
1-2: Ball
2-2: SINGLE (Groundball, 56D)
Batting: RHB José Carlos Caraballo 0-0: Swinging Strike
0-1: Swinging Strike
0-2: Strikes out looking
Bottom of the 2nd over - 0 run(s), 1 hit(s), 0 error(s), 1 left on base; Kalamazoo 2 - El Dorado 1
TOP OF THE 3RD
Kalamazoo Royale with Cheese batting - Pitching for El Dorado Oilers : RHP Jeffrey Stephens
Batting: LHB Doyle Otterburn 0-0: Foul Ball, location: 2F
0-1: Ball
1-1: Foul Ball, location: 2F
1-2: Ball
2-2: Foul Ball, location: 2F
2-2: Foul Ball, location: 2F
2-2: Fly out, F9 (Flyball, 9LM)
Batting: RHB Andy Aiton 0-0: Called Strike
0-1: Foul Ball, location: 2F
0-2: Ball
1-2: Foul Ball, location: 2F
1-2: Foul Ball, location: 2F
1-2: Fly out, F9 (Flyball, 9)
Batting: LHB Donovan Bird 0-0: Called Strike
0-1: Fly out, F4 (Popup, 4MD)
Top of the 3rd over - 0 run(s), 0 hit(s), 0 error(s), 0 left on base; Kalamazoo 2 - El Dorado 1
BOTTOM OF THE 3RD
El Dorado Oilers batting - Pitching for Kalamazoo Royale with Cheese : LHP Salvador Castro
Batting: RHB Nick Webb 0-0: Ball
1-0: Swinging Strike
1-1: Swinging Strike
1-2: Foul Ball, location: 2F
1-2: Foul Ball, location: 2F
1-2: Foul Ball, location: 2F
1-2: Ball
2-2: Foul Ball, location: 2F
2-2: Fly out, F6 (Line Drive, 6M)
Batting: LHB Ashley Pickhills 0-0: Ball
1-0: Ball
2-0: Ball
3-0: Base on Balls
Batting: RHB Valentín Borges 0-0: Ball
1-0: SINGLE (Line Drive, 7LS)
Ashley Pickhills to second
Batting: LHB Al Gaines 0-0: Called Strike
0-1: Foul Ball, location: 2F
0-2: Fly out, F8 (Flyball, 8RD)
Runner from 2nd tags up, SAFE at 3rd, no throw
Batting: RHB Sixto Vélez 0-0: Ball
1-0: Called Strike
1-1: Ball
2-1: DOUBLE (Line Drive, 7LS)
Ashley Pickhills scores
Valentín Borges to third
Runner from 3rd tries for Home, SAFE, throw made home
Pinch Runner at 2nd José Montoya:
Batting: LHB José Hernández 0-0: Foul Ball, location: 2F
0-1: Ball
1-1: Swinging Strike
1-2: Ground out 4-3 (Groundball, 34)
Bottom of the 3rd over - 2 run(s), 2 hit(s), 0 error(s), 1 left on base; Kalamazoo 2 - El Dorado 3
TOP OF THE 4TH
Kalamazoo Royale with Cheese batting - Pitching for El Dorado Oilers : RHP Jeffrey Stephens
Now at SS: José Montoya
Batting: LHB Roberto Sandoval 0-0: Ball
1-0: Ball
2-0: Foul Ball, location: 2F
2-1: Fly out, F9 (Line Drive, 9LM)
Batting: LHB Greg Schultz 0-0: Ball
1-0: Ground out 4-3 (Groundball, 4)
Batting: LHB Bill McJannett 0-0: Foul Ball, location: 2F
0-1: SOLO HOME RUN (Flyball, 7D), Distance : 386 ft
Batting: RHB Miguel Encarnación 0-0: Fly out, F3 (Popup, 3)
Top of the 4th over - 1 run(s), 1 hit(s), 0 error(s), 0 left on base; Kalamazoo 3 - El Dorado 3
BOTTOM OF THE 4TH
El Dorado Oilers batting - Pitching for Kalamazoo Royale with Cheese : LHP Salvador Castro
Batting: RHB Chris Parker 0-0: Ball
1-0: Swinging Strike
1-1: Foul Ball, location: 2F
1-2: Strikes out swinging
Batting: SHB Anastasio Ortíz 0-0: Called Strike
0-1: Foul Ball, location: 2F
0-2: Ball
1-2: Ball
2-2: Foul Ball, location: 2F
2-2: Foul Ball, location: 2F
2-2: Ball
3-2: Foul Ball, location: 2F
3-2: Foul Ball, location: 2F
3-2: Foul Ball, location: 2F
3-2: Base on Balls
Batting: RHB José Carlos Caraballo 0-0: Ball
1-0: Called Strike
1-1: Ball
2-1: Ball
3-1: Grounds into double play, 4-6-3 (Groundball, 4)
Bottom of the 4th over - 0 run(s), 0 hit(s), 0 error(s), 0 left on base; Kalamazoo 3 - El Dorado 3
TOP OF THE 5TH
Kalamazoo Royale with Cheese batting - Pitching for El Dorado Oilers : RHP Jeffrey Stephens
Batting: SHB Caden Keith 0-0: Ball
1-0: Called Strike
1-1: Ball
2-1: Foul Ball, location: 2F
2-2: Foul Ball, location: 2F
2-2: Ball
3-2: Ground out U3 (Groundball, 3)
Batting: LHB Tom Blake 0-0: Swinging Strike
0-1: Foul Ball, location: 2F
0-2: Strikes out swinging
Batting: LHB Doyle Otterburn 0-0: Called Strike
0-1: Foul Ball, location: 2F
0-2: Strikes out looking
Top of the 5th over - 0 run(s), 0 hit(s), 0 error(s), 0 left on base; Kalamazoo 3 - El Dorado 3
BOTTOM OF THE 5TH
El Dorado Oilers batting - Pitching for Kalamazoo Royale with Cheese : LHP Salvador Castro
Batting: RHB Nick Webb 0-0: Ball
1-0: Ground out 4-3 (Groundball, 4)
Batting: LHB Ashley Pickhills 0-0: Called Strike
0-1: Foul Ball, location: 2F
0-2: Ground out U3 (Groundball, 34)
Batting: RHB Valentín Borges 0-0: Ball
1-0: Ball
2-0: Ground out 6-3 (Groundball, 6)
Bottom of the 5th over - 0 run(s), 0 hit(s), 0 error(s), 0 left on base; Kalamazoo 3 - El Dorado 3
TOP OF THE 6TH
Kalamazoo Royale with Cheese batting - Pitching for El Dorado Oilers : RHP Jeffrey Stephens
Batting: RHB Andy Aiton 0-0: Called Strike
0-1: Ball
1-1: Foul Ball, location: 2F
1-2: Ball
2-2: Ball
3-2: Foul Ball, location: 2F
3-2: Base on Balls
Batting: LHB Donovan Bird 0-0: Foul Ball, location: 2F
0-1: Ball
1-1: Ball
2-1: Foul Ball, location: 2F
2-2: Ball
3-2: Fly out, F7 (Flyball, 78S)
Batting: LHB Roberto Sandoval 0-0: Swinging Strike
0-1: Ball
1-1: Called Strike
1-2: Ball
2-2: Strikes out swinging
Batting: LHB Greg Schultz 0-0: Called Strike
0-1: Ball
1-1: Ground out 4-3 (Groundball, 34)
Top of the 6th over - 0 run(s), 0 hit(s), 0 error(s), 1 left on base; Kalamazoo 3 - El Dorado 3
BOTTOM OF THE 6TH
El Dorado Oilers batting - Pitching for Kalamazoo Royale with Cheese : LHP Salvador Castro
Pitching: LHP Morgan McDormand
Batting: LHB Al Gaines 0-0: Ball
1-0: Ground out 3-1 (Groundball, 34)
Batting: RHB José Montoya 0-0: Fly out, F9 (Flyball, 9LS)
Batting: LHB José Hernández 0-0: Fly out, F7 (Flyball, 7S)
Bottom of the 6th over - 0 run(s), 0 hit(s), 0 error(s), 0 left on base; Kalamazoo 3 - El Dorado 3
TOP OF THE 7TH
Kalamazoo Royale with Cheese batting - Pitching for El Dorado Oilers : RHP Jeffrey Stephens
Batting: LHB Bill McJannett 0-0: Called Strike
0-1: Ball
1-1: Foul Ball, location: 2F
1-2: Foul Ball, location: 2F
1-2: Fly out, F7 (Flyball, 7S)
Batting: RHB Miguel Encarnación 0-0: SINGLE (Groundball, 6MD)
Batting: SHB Caden Keith 0-0: Ball
1-0: Called Strike
1-1: Ball
Miguel Encarnación steals 2nd base
2-1: Fly out, F7 (Flyball, 7S)
Batting: LHB Tom Blake 0-0: Called Strike
0-1: Foul Ball, location: 2F
0-2: Ball
1-2: Foul Ball, location: 2F
1-2: Fly out, F8 (Flyball, 8LM)
Top of the 7th over - 0 run(s), 1 hit(s), 0 error(s), 1 left on base; Kalamazoo 3 - El Dorado 3
BOTTOM OF THE 7TH
El Dorado Oilers batting - Pitching for Kalamazoo Royale with Cheese : LHP Morgan McDormand
Batting: RHB Chris Parker 0-0: Called Strike
0-1: Foul Ball, location: 2F
0-2: Ball
1-2: Strikes out swinging
Batting: SHB Anastasio Ortíz 0-0: Foul Ball, location: 2F
0-1: Ball
1-1: Foul Ball, location: 2F
1-2: Ball
2-2: Foul Ball, location: 2F
2-2: Ground out 6-3 (Groundball, 6)
Batting: RHB José Carlos Caraballo 0-0: Ball
1-0: Ball
2-0: Called Strike
2-1: Foul Ball, location: 2F
2-2: Foul Ball, location: 2F
2-2: Foul Ball, location: 2F
2-2: DOUBLE (Line Drive, 7)
Batting: RHB Nick Webb 0-0: Ground out 6-3 (Groundball, 6)
Bottom of the 7th over - 0 run(s), 1 hit(s), 0 error(s), 1 left on base; Kalamazoo 3 - El Dorado 3
TOP OF THE 8TH
Kalamazoo Royale with Cheese batting - Pitching for El Dorado Oilers : RHP Jeffrey Stephens
Pitching: RHP Mitch Brown
Batting: LHB Doyle Otterburn 0-0: Ball
1-0: Called Strike
1-1: Foul Ball, location: 2F
1-2: Fly out, F9 (Flyball, 9LMF)
Batting: RHB Andy Aiton 0-0: Called Strike
0-1: Ball
1-1: DOUBLE (Flyball, 7D)
Batting: LHB Donovan Bird 0-0: Intentional Walk
Batting: LHB Roberto Sandoval 0-0: Ball
1-0: Called Strike
1-1: Ball
2-1: Ball
3-1: Foul Ball, location: 2F
3-2: SINGLE (Line Drive, 7LS)
Andy Aiton to third
Donovan Bird to second
Andy Aiton scores
Donovan Bird to third
Batting: LHB Greg Schultz 0-0: Ball
1-0: Ball
2-0: Grounds into double play, 6-4-3 (Groundball, 6M)
Top of the 8th over - 1 run(s), 2 hit(s), 0 error(s), 1 left on base; Kalamazoo 4 - El Dorado 3
BOTTOM OF THE 8TH
El Dorado Oilers batting - Pitching for Kalamazoo Royale with Cheese : LHP Morgan McDormand
Batting: LHB Ashley Pickhills 0-0: Swinging Strike
0-1: Ball
1-1: Ball
2-1: DOUBLE (Line Drive, 9LM)
Pitching: RHP Rikiya Sakurai
Batting: RHB Valentín Borges 0-0: Ball
1-0: Ball
2-0: Ground out 4-3 (Groundball, 4)
Ashley Pickhills to third
Pitching: LHP Carlos Thomas
Batting: LHB Al Gaines 0-0: SINGLE (Groundball, 56D)
Ashley Pickhills scores
Batting: RHB José Montoya 0-0: Ground out 6-3 (Groundball, 6MD)
Al Gaines to second
Pitching: LHP Manuel Herrera
Batting: LHB José Hernández 0-0: Ball
1-0: Foul Ball, location: 2F
1-1: Called Strike
1-2: Ball
2-2: Strikes out swinging
Bottom of the 8th over - 1 run(s), 2 hit(s), 0 error(s), 1 left on base; Kalamazoo 4 - El Dorado 4
TOP OF THE 9TH
Kalamazoo Royale with Cheese batting - Pitching for El Dorado Oilers : RHP Mitch Brown
Pitching: RHP Kuang-yin Yue
Batting: LHB Bill McJannett 0-0: Ball
1-0: Ball
2-0: Ball
3-0: Base on Balls
Batting: RHB Miguel Encarnación 0-0: Ball
Bill McJannett steals 2nd base
1-0: Ball
2-0: Swinging Strike
2-1: Foul Ball, location: 2F
2-2: Ball
3-2: Foul Ball, location: 2F
3-2: Strikes out looking
Batting: SHB Caden Keith 0-0: Called Strike
0-1: Ball
1-1: Ball
2-1: SINGLE (Flyball, 8LS)
Bill McJannett to third
Runner from 3rd tries for Home, SAFE, no throw
Batting: LHB Tom Blake 0-0: Ball
1-0: Swinging Strike
1-1: Swinging Strike
1-2: Foul Ball, location: 2F
1-2: Ball
2-2: Strikes out swinging
Caden Keith steals 2nd base
Batter strikes out.
Batting: LHB Doyle Otterburn 0-0: Ball
1-0: Ball
2-0: Ball
3-0: Called Strike
3-1: Base on Balls
Batting: RHB Andy Aiton 0-0: Called Strike
Doyle Otterburn is caught stealing 2nd base
Top of the 9th over - 1 run(s), 1 hit(s), 0 error(s), 0 left on base; Kalamazoo 5 - El Dorado 4
BOTTOM OF THE 9TH
El Dorado Oilers batting - Pitching for Kalamazoo Royale with Cheese : LHP Manuel Herrera
Pitching: LHP Keith Hill
Batting: RHB Chris Parker 0-0: Swinging Strike
0-1: Ground out 6-3 (Groundball, 6)
Batting: SHB Anastasio Ortíz 0-0: Foul Ball, location: 2F
0-1: Ball
1-1: Foul Ball, location: 2F
1-2: SINGLE (Groundball, 6MD)
Batting: RHB José Carlos Caraballo 0-0: Called Strike
0-1: Ball
1-1: Swinging Strike
1-2: Strikes out swinging
Batting: RHB Nick Webb 0-0: Ball
Wild Pitch!
Anastasio Ortíz to second
1-0: Ball
2-0: Ball
3-0: Called Strike
3-1: Ground out 5-3 (Groundball, 5)
Bottom of the 9th over - 0 run(s), 1 hit(s), 0 error(s), 1 left on base; Kalamazoo 5 - El Dorado 4
Tuesday, August 8th, 2017 - OOTP Baseball 17.12 Build 75